AoeStats
← 耿信

Arena

504045080Analyzed
2v2 RM · 1mo ago on Sep 3, 2026· 57m 28s· 4 players
Game mode
Random Map
Map size
Medium (4 player)
Population
200
Speed
Normal
Resources
Standard
Victory
Conquest
Starting age
Dark Age
Ending age
Imperial Age
RankedLock teamsTeams togetherTeam positionsShared explorationLock speedFull tech treeHidden civsTurbo modeCheats
Victory
Defeat
🇨🇳 Khmer · China
795
+8
🇨🇳 Britons · China
418
+23
🇨🇿 Teutons · Czechia
610
-16
🇫🇷 Burgundians · France
595
-15
Sobodei
10:23 Feudal Age
9:17 Double-Bit Axe
9:14 Horse Collar
13:34 Bow Saw
13:26 Heavy Plow
15:38 Wheelbarrow
18:41 Gold Mining
21:50 Castle Age
20:24 Scale Barding Armor
20:30 Forging
22:27 Hand Cart
24:09 Two-Man Saw
23:54 Iron Casting
23:27 Husbandry
24:49 Light Cavalry
25:34 Stone Mining
27:01 Crop Rotation
27:27 Chain Barding Armor
27:28 Cavalier
36:12 Imperial Age
37:01 Gold Shaft Mining
37:02 Stone Shaft Mining
36:35 Paladin
38:49 Conscription
39:50 Burgundian Vineyards
39:56 Hussar
43:13 Blast Furnace
42:49 Plate Barding Armor
42:15 Scale Mail Armor
44:02 Squires
50:58 Pikeman
Frog 2nd
耿信
13:39 Feudal Age
14:59 Wheelbarrow
14:17 Double-Bit Axe
14:17 Horse Collar
18:42 Gold Mining
18:43 Stone Mining
18:52 Stone Mining
19:08 Gold Mining
21:53 Castle Age
21:22 Padded Archer Armor
21:13 Fletching
23:47 Hand Cart
23:47 Bow Saw
23:39 Heavy Plow
24:40 Gold Shaft Mining
31:41 Yeomen
34:37 Imperial Age
33:04 Leather Archer Armor
32:50 Bodkin Arrow
33:09 Town Watch
33:11 Loom
35:40 Bracer
36:12 Ring Archer Armor
36:31 Town Patrol
36:14 Elite Longbowman
37:32 Conscription
46:38 Warwolf
46:09 Sappers
47:15 Hoardings
打爆你的金针菇
0:36 Loom
10:57 Feudal Age
11:37 Double-Bit Axe
17:20 Castle Age
15:37 Horse Collar
20:53 Bow Saw
21:35 Heavy Plow
22:02 Stone Mining
22:06 Gold Mining
23:23 Loom
27:14 Wheelbarrow
29:51 Gold Shaft Mining
29:55 Stone Shaft Mining
30:06 Hand Cart
30:44 Tusk Swords
33:05 Fletching
33:21 Scale Barding Armor
35:48 Imperial Age
33:41 Bodkin Arrow
35:52 Chain Barding Armor
36:24 Ballistics
37:09 Elite Ballista Elephant
39:40 Conscription
39:26 Double Crossbow
40:31 Chemistry
39:39 Siege Engineers
39:43 Bracer
40:19 Plate Barding Armor
39:49 Padded Archer Armor
40:41 Crop Rotation
40:17 Onager
40:27 Capped Ram
42:52 Siege Ram
46:00 Forging
45:51 Scale Mail Armor
46:08 Pikeman
49:50 Elite Battle Elephant
50:43 Bloodlines
50:37 Husbandry
51:15 Chain Mail Armor
53:22 Halberdier
54:46 Iron Casting
54:32 Leather Archer Armor
Connection lost

Rejoining the realm…

Still unreachable

The connection could not be restored.

Session expired

The server has moved on; the page needs a fresh start.